Arrhythmia, chaotic female vampiric Convict #(####)################################ # ---------------------------------# ----------- ### |...............................|# |.........| # |.----....-----.----|--..-----..|# |.........| ### |.|..|---.|...|.|..|..|..|(((|..|# ##-%...<....| # |.|..|..|.|._[|.-..|..|..|(((|..|# # --.-------- ### |.-|-|..|.|.(.|.--------.|@^)|...######### # 0 # |....|..|.|...-....|...|.-@---..|# # ---...-## |....-|--.----|....-...|.^.)%...|# # |.....|## |%.........-)..-.-.-----..-----.|# # |.....|# # .....-|-....%....|........-).!|.|# # |.....|# # #|.--+|..|.----|..||---....|..!|.|############## |.....|# # 0 |.|..|..|.-./.|.-|...|---.-----.| ------.-.-- -.-----# # ###|.|..|--..|.%.|..|(((|..|.......| |......>..| ####### #### ..........|.%%|..|?(.|..+.......| ####.......^..| # # |.----....-----|---------.......| # |.........| #0##### |...............................-## |.........| --------------------------------- ----------- Arrhythmia the Jail-bird Experience level: 9 Strength: 18/01 Dexterity: 11 Constitution: 20 Intelligence: 12 Wisdom: 8 Charisma: 8 Health: 0(92) Energy: 52(52) AC: 3 Gold: 0 Moves: 6445 Your Inventory: Armor g - an [uncursed] +0 cloak of protection (being worn) t - a [blessed] +1 pair of hard shoes [iron] (being worn) Y - an [uncursed] +0 leather hat [elven leather helm] (being worn) Potions W - a [blessed] potion of object detection Wands A - an uncursed wand of striking [0:2] Tools d - an uncursed stethoscope f - an uncursed bag called Holding named Portal to the elemental plane of TEETH [of holding] u - an uncursed [+0] pick-axe D - an uncursed [+0] unicorn horn Gems E - an uncursed stone called Flintluck [luckstone] G - an uncursed stone called Luckflint [flint] Iron balls c - an uncursed rusty heavy iron ball (weapon in hand) Contents of the bag of holding named Portal to the elemental plane of TEETH: an uncursed scroll of light a blessed unlabeled scroll [of blank paper] an uncursed unlabeled scroll [of blank paper] an uncursed golden potion [of speed] 2 uncursed indigo potions [of extra healing] a cursed potion called booze [of booze] an uncursed yellow potion [of sickness] an uncursed wand called No idea [of locking (0:2)] an uncursed wand of sleep [0:2] an uncursed thoroughly corroded wand of slow monster [0:7] Spells known in the end: Name Level Category Fail Memory Your skills at the end: Fighting Skills Weapon Skills sling [Basic / Skilled] Spellcasting Skills Final Attributes: You were piously aligned. Hunger level was 669. Your alignment was 40 / 42. Monster difficulty range was 1 - 8. Level difficulty was 7. You were immune to poison. You were immune to level-drain. You were immune to sickness. You could fly. You could survive without air. You regenerated. You were lucky (3). You had extra luck. Bad luck did not time out for you. Good luck did not time out for you. You are dead. Vanquished creatures: 8 black puddings a small mimic a tiger a tengu a leocrotta a stone giant a human mummy a wraith a leather golem a chameleon a leprechaun an iron piercer a horse a gnome king a brown pudding a gold golem a lizard a white unicorn a gray unicorn a gnome mummy 4 apes a Woodland-elf 4 soldier ants 4 snow ants 2 mountain nymphs an enormous rat a rock mole a pony a violet fungus 6 gnome lords 3 gnomish wizards a straw golem a paper golem a baby crocodile 5 giant ants a little dog 3 floating eyes a kitten 8 dwarves a kobold lord 2 kobold shamans a hill orc 9 rothes 2 giant bats a dwarf zombie a wererat 2 werejackals 4 iguanas an acid blob 2 coyotes 3 hobbits a large kobold 2 giant rats a red mold 34 gnomes 3 gnome zombies a gecko a jackal a fox a kobold 2 sewer rats 2 grid bugs 3 bats 3 lichens 2 kobold zombies 2 newts 164 creatures vanquished. Voluntary challenges: You went without food. You never hit with a wielded weapon. You read items or engraved 11 times. You put on armor 26 times. You never genocided any monsters. You never polymorphed an object. You never changed form. You used no wishes. You abstained from Elbereth's help. You never encountered a bones level. You never used any Sokoban shortcuts. Dungeon overview: The Dungeons of Doom: levels 1 to 4 Level 1 (Succ) a long staircase Level 2 a fountain, a sink Level 3 a general store Level 4 (Succ in potentia) a sink stairs to The Gnomish Mines The Gnomish Mines: levels 5 to 8 Level 5 stairs to The Dungeons of Doom Level 6 (Magic mike) Level 7 <- You were here many shops, a temple, a magic chest History has recorded: On T:1 you entered the Dungeons of Doom to retrieve the Amulet of Yendor! On T:279 you reached level 2 of The Dungeons of Doom. On T:284 you advanced to experience level 2. On T:867 you advanced to experience level 3. On T:974 you advanced to experience level 4. On T:1131 you reached level 3 of The Dungeons of Doom. On T:1314 you advanced to experience level 5. On T:1326 you advanced to experience level 6. On T:1352 you advanced to experience level 7. On T:2018 you advanced to experience level 8. On T:2537 you reached level 4 of The Dungeons of Doom. On T:3012 you reached level 1 of The Gnomish Mines. On T:3344 you reached level 2 of The Gnomish Mines. On T:3594 you reached level 3 of The Gnomish Mines. On T:3631 you reached level 4 of The Gnomish Mines. On T:3696 you advanced to experience level 9. Latest messages: [HP-21=71] You miss Izchak. You bite Izchak. Izchak swings his thonged club. Izchak hits! Izchak swings his thonged club. Izchak hits! [HP-26=45] [HP+1=46] [HP+1=47] [HP+1=48] [HP+1=49] [HP+1=50] [HP+1=51] Izchak swings his thonged club. Izchak hits! Izchak swings his thonged club. Izchak hits! [HP-26=25] Izchak swings his thonged club. Izchak hits! Izchak swings his thonged club. Izchak hits! [HP-23=2] Izchak swings his thonged club. Izchak hits! You die... Izchak takes all your possessions. (2x) Final status: Goodbye Arrhythmia the Convict... You died in The Gnomish Mines on dungeon level 7 with 11360 points, and 0 pieces of gold, after 6445 moves. You were level 9 with a maximum of 92 hit points when you died.